ABL
CANTERBURY BULLDOGS @ SOUTH SYDNEY RABBITOHS
04/26/2022
 
TOP OF THE 1ST
Canterbury Bulldogs batting - Pitching for South Sydney Rabbitohs : RHP Joel Ogburn
Pitching: RHP Joel Ogburn
Batting: RHB Andre Farnsworth 0-0: Ground out U3 (Groundball, 3S, EV 84.4 MPH)
Batting: RHB David Oldreave 0-0: Ground out 4-3 (Groundball, 4, EV 85.0 MPH)
Batting: LHB Shane Johnston 0-0: Ball
1-0: Swinging Strike
1-1: Ball
2-1: SOLO HOME RUN (Flyball, 9D, EV 99.4 MPH), Distance : 375 ft
Batting: RHB Tas Reeves 0-0: Ball
1-0: Fly out, F6 (Popup, 6M, EV 73.8 MPH)
Top of the 1st over - 1 run, 1 hit, 0 errors, 0 left on base; Canterbury 1 - South Sydney 0
BOTTOM OF THE 1ST
South Sydney Rabbitohs batting - Pitching for Canterbury Bulldogs : RHP Jonatan Spokes
Pitching: RHP Jonatan Spokes
Batting: LHB Clint Soper 0-0: Ball
1-0: Called Strike
1-1: Swinging Strike
1-2: Strikes out swinging
Batting: RHB Ian Hogan 0-0: Fly out, F8 (Flyball, 8RM, EV 86.9 MPH)
Batting: RHB Kirby Hooley 0-0: Ball
1-0: Ball
2-0: Ball
3-0: Base on Balls
Batting: RHB Pete Vinson 0-0: Called Strike
0-1: Ball
1-1: Ball
2-1: Ball
3-1: Base on Balls
Kirby Hooley to second
Batting: RHB Arnie Bartelot 0-0: Ball
1-0: Ball
2-0: Fly out, F9 (Flyball, 9LSF, EV 85.6 MPH)
Bottom of the 1st over - 0 runs, 0 hits, 0 errors, 2 left on base; Canterbury 1 - South Sydney 0
TOP OF THE 2ND
Canterbury Bulldogs batting - Pitching for South Sydney Rabbitohs : RHP Joel Ogburn
Batting: RHB Ted Claridge 0-0: SOLO HOME RUN (Flyball, 9D, EV 96.3 MPH), Distance : 375 ft
Batting: LHB Silas Perrin 0-0: Ball
1-0: Ball
2-0: Called Strike
2-1: DOUBLE (Line Drive, 89D, EV 108.8 MPH)
Batting: RHB Harry Pratly 0-0: Foul Ball, location: 9LSF
0-1: Called Strike
0-2: Ball
1-2: Ball
2-2: Foul Ball, location: 3SF
2-2: Foul Ball, location: 2F
2-2: Foul Ball, location: 2F
2-2: Ball
3-2: Foul Ball, location: 2F
3-2: Reached on error, E4 (Groundball, 4, EV 99.4 MPH)
Silas Perrin to third
Batting: RHB Daniel Chesire 0-0: Ball
1-0: Ball
Wild Pitch!
Silas Perrin scores
Harry Pratly to second
2-0: Foul Ball, location: 7LSF
2-1: Foul Ball, location: 9LSF
2-2: Foul Ball, location: 7LDF
2-2: Ball
3-2: Base on Balls
Batting: RHB Jonatan Spokes 0-0: Ball
1-0: Bunted foul
1-1: Sac Bunt to 23 - play at third, runner OUT! 3-5
Daniel Chesire to second
Batting: RHB Andre Farnsworth 0-0: Ball
1-0: Ball
2-0: Called Strike
2-1: Ball
3-1: Fielders Choice at 2nd, 3-6 (Groundball, 23, EV 83.1 MPH)
Daniel Chesire to third
Batting: RHB David Oldreave 0-0: Foul Ball, location: 25F
0-1: Fielders Choice at 2nd, 6-4 (Groundball, 6, EV 101.9 MPH)
Top of the 2nd over - 2 runs, 2 hits, 1 error, 2 left on base; Canterbury 3 - South Sydney 0
BOTTOM OF THE 2ND
South Sydney Rabbitohs batting - Pitching for Canterbury Bulldogs : RHP Jonatan Spokes
Batting: SHB Quentin Pursglove 0-0: Foul Ball, location: 2F
0-1: Ball
1-1: Ball
2-1: DOUBLE (Line Drive, 9LS, EV 95.0 MPH)
Batting: RHB Axel Winson 0-0: Called Strike
0-1: Ball
1-1: Ball
2-1: Ground out 1-3 (Groundball, 15S, EV 67.5 MPH)
Batting: RHB Oliver Trick 0-0: Ball
1-0: Called Strike
1-1: Swinging Strike
1-2: Foul Ball, location: 7LSF
1-2: Strikes out looking
Batting: SHB Joel Ogburn 0-0: Foul Ball, location: 23F
0-1: Ground out 5-3 (Groundball, 5S, EV 85.6 MPH)
Bottom of the 2nd over - 0 runs, 1 hit, 0 errors, 1 left on base; Canterbury 3 - South Sydney 0
TOP OF THE 3RD
Canterbury Bulldogs batting - Pitching for South Sydney Rabbitohs : RHP Joel Ogburn
Batting: LHB Shane Johnston 0-0: SINGLE (Line Drive, 4D, EV 99.4 MPH)
Batting: RHB Tas Reeves 0-0: Ball
1-0: Swinging Strike
1-1: Swinging Strike
1-2: Grounds into double play, 4-6-3 (Groundball, 4, EV 99.4 MPH)
Batting: RHB Ted Claridge 0-0: Fly out, F4 (Popup, 4S, EV 76.9 MPH)
Top of the 3rd over - 0 runs, 1 hit, 0 errors, 0 left on base; Canterbury 3 - South Sydney 0
BOTTOM OF THE 3RD
South Sydney Rabbitohs batting - Pitching for Canterbury Bulldogs : RHP Jonatan Spokes
Batting: LHB Clint Soper 0-0: Ball
1-0: Swinging Strike
1-1: Ball
2-1: Ball
3-1: Foul Ball, location: 2F
3-2: Foul Ball, location: 23F
3-2: Base on Balls
Batting: RHB Ian Hogan 0-0: Grounds into double play, 5-4-3 (Groundball, 5, EV 105.0 MPH)
Batting: RHB Kirby Hooley 0-0: Called Strike
0-1: Called Strike
0-2: Ball
1-2: DOUBLE (Line Drive, 78D, EV 103.8 MPH)
Batting: RHB Pete Vinson 0-0: SINGLE (Flyball, 89S, EV 90.0 MPH)
Kirby Hooley to third
Runner from 3rd tries for Home, SAFE, throw by RF to home
Pete Vinson to second
Batting: RHB Arnie Bartelot 0-0: Ball
1-0: Called Strike
1-1: Ball
2-1: Reached via error on a dropped throw from P, E3 (Groundball, 34S, EV 71.3 MPH)
Pete Vinson to third
Batting: SHB Quentin Pursglove 0-0: Ball
1-0: Foul Ball, location: 2F
1-1: Called Strike
1-2: SINGLE (Groundball, 6M, EV 77.5 MPH)
Pete Vinson scores
Arnie Bartelot to second
Runner from 2nd tries for 3rd, SAFE, no throw by CF
Batting: RHB Axel Winson 0-0: Ball
1-0: Ball
2-0: Ball
3-0: Called Strike
3-1: Fly out, F8 (Flyball, 8RD, EV 96.9 MPH)
Bottom of the 3rd over - 2 runs, 3 hits, 1 error, 2 left on base; Canterbury 3 - South Sydney 2
TOP OF THE 4TH
Canterbury Bulldogs batting - Pitching for South Sydney Rabbitohs : RHP Joel Ogburn
Batting: LHB Silas Perrin 0-0: Ball
1-0: DOUBLE (Line Drive, 9LD, EV 106.3 MPH)
Batting: RHB Harry Pratly 0-0: Ball
1-0: Foul Ball, location: 2F
1-1: Foul Ball, location: 5DF
1-2: Ground out U3 (Groundball, 34, EV 83.1 MPH)
Silas Perrin to third
Batting: RHB Daniel Chesire 0-0: Called Strike
0-1: Ball
1-1: Ball
2-1: Fly out, F8 (Line Drive, 8RS, EV 100.0 MPH)
Runner from 3rd tags up, SCORES, throw by CF
Batting: RHB Jonatan Spokes 0-0: Ball
1-0: Ball
2-0: Foul Ball, location: 5F
2-1: Foul Ball, location: 2F
2-2: Foul Ball, location: 2F
2-2: Ground out 6-3 (Groundball, 6, EV 76.3 MPH)
Top of the 4th over - 1 run, 1 hit, 0 errors, 0 left on base; Canterbury 4 - South Sydney 2
BOTTOM OF THE 4TH
South Sydney Rabbitohs batting - Pitching for Canterbury Bulldogs : RHP Jonatan Spokes
Batting: RHB Oliver Trick 0-0: Foul Ball, location: 5F
0-1: Foul Ball, location: 9LDF
0-2: Foul Ball, location: 2F
0-2: Foul Ball, location: 2F
0-2: Ball
1-2: Ball
2-2: Ball
3-2: Fly out, F7 (Flyball, 7, EV 85.6 MPH)
Pinch Hitting: RHB Luke Godden 0-0: Called Strike
0-1: Ball
1-1: Ball
2-1: Ball
3-1: DOUBLE (Line Drive, 7LS, EV 100.0 MPH)
Batting: LHB Clint Soper 0-0: Ball
Wild Pitch!
Luke Godden to third
1-0: Ball
2-0: Swinging Strike
2-1: Ball
3-1: Foul Ball, location: 2F
3-2: Base on Balls
Batting: RHB Ian Hogan 0-0: Ball
1-0: Foul Ball, location: 2F
1-1: Foul Ball, location: 2RF
1-2: SINGLE (Line Drive, 56D, EV 105.6 MPH)
Luke Godden scores
Clint Soper to second
Runner from 2nd tries for 3rd, OUT! 7-5
Batting: RHB Kirby Hooley 0-0: Called Strike
0-1: Ball
1-1: Ball
2-1: TRIPLE (Line Drive, 89XD, EV 104.4 MPH)
Ian Hogan scores
Batting: RHB Pete Vinson 0-0: Ball
1-0: Ball
2-0: Foul Ball, location: 3FF
2-1: Foul Ball, location: 5F
2-2: Hit by Pitch
Batting: RHB Arnie Bartelot 0-0: Foul Ball, location: 9LMF
0-1: Swinging Strike
0-2: Ball
1-2: Ball
2-2: SINGLE (Line Drive, 34D, EV 94.4 MPH)
Kirby Hooley scores
Pete Vinson to second
Runner from 2nd tries for 3rd, SAFE, no throw by RF
Pitching: RHP Keiron Cunningham
Batting: SHB Quentin Pursglove 0-0: Called Strike
0-1: Foul Ball, location: 25F
0-2: Ball
1-2: Ball
2-2: Ball
3-2: Base on Balls
Arnie Bartelot to second
Batting: RHB Axel Winson 0-0: Ball
1-0: Called Strike
1-1: Ball
2-1: Ground out 4-3 (Groundball, 4, EV 98.8 MPH)
Bottom of the 4th over - 3 runs, 4 hits, 0 errors, 3 left on base; Canterbury 4 - South Sydney 5
TOP OF THE 5TH
Canterbury Bulldogs batting - Pitching for South Sydney Rabbitohs : RHP Joel Ogburn
Pitching: RHP Lionel Hughes
Batting: RHB Andre Farnsworth 0-0: Called Strike
0-1: Hit by Pitch
Batting: RHB David Oldreave 0-0: Sac Bunt to 15S - play at first, batter OUT! 1-3
Andre Farnsworth to second
Batting: LHB Shane Johnston 0-0: 2-RUN HOME RUN (Flyball, 9D, EV 97.5 MPH), Distance : 366 ft
Batting: RHB Tas Reeves 0-0: SOLO HOME RUN (Flyball, 9D, EV 96.3 MPH), Distance : 356 ft
Batting: RHB Ted Claridge 0-0: Called Strike
0-1: Ball
1-1: Ball
2-1: Ball
3-1: Ground out U3 (Groundball, 34, EV 105.6 MPH)
Batting: LHB Silas Perrin 0-0: Ball
1-0: Ball
2-0: Fly out, F6 (Line Drive, 6, EV 70.6 MPH)
Top of the 5th over - 3 runs, 2 hits, 0 errors, 0 left on base; Canterbury 7 - South Sydney 5
BOTTOM OF THE 5TH
South Sydney Rabbitohs batting - Pitching for Canterbury Bulldogs : RHP Keiron Cunningham
Batting: RHB Oliver Trick 0-0: Called Strike
0-1: Foul Ball, location: 7LMF
0-2: Ball
1-2: Ball
2-2: Ball
3-2: Ground out U3 (Groundball, 13, EV 83.8 MPH)
Pinch Hitting: RHB Michael Weyman 0-0: Ball
1-0: Ground out 5-3 (Groundball, 56S, EV 76.9 MPH)
Batting: LHB Clint Soper 0-0: Called Strike
0-1: Ground out U3 (Groundball, 3S, EV 90.6 MPH)
Bottom of the 5th over - 0 runs, 0 hits, 0 errors, 0 left on base; Canterbury 7 - South Sydney 5
TOP OF THE 6TH
Canterbury Bulldogs batting - Pitching for South Sydney Rabbitohs : RHP Lionel Hughes
Pitching: LHP Ben Pearn
Batting: RHB Harry Pratly 0-0: Called Strike
0-1: Called Strike
0-2: Ball
1-2: Strikes out swinging
Batting: RHB Daniel Chesire 0-0: Ball
1-0: Fly out, F4 (Popup, 4S, EV 69.4 MPH)
Pinch Hitting: SHB Harasvarupa Panyala 0-0: Ball
1-0: Fly out, F9 (Flyball, 9S, EV 91.9 MPH)
Top of the 6th over - 0 runs, 0 hits, 0 errors, 0 left on base; Canterbury 7 - South Sydney 5
BOTTOM OF THE 6TH
South Sydney Rabbitohs batting - Pitching for Canterbury Bulldogs : RHP Keiron Cunningham
Pitching: RHP Vinnie Burge
Batting: RHB Ian Hogan 0-0: Foul Ball, location: 2F
0-1: Called Strike
0-2: Foul Ball, location: 7LSF
0-2: Ball
1-2: Ball
2-2: Ball
3-2: Strikes out looking
Batting: RHB Kirby Hooley 0-0: Called Strike
0-1: Foul Ball, location: 2F
0-2: Foul Ball, location: 7LDF
0-2: Ball
1-2: SINGLE (Groundball, 6MD, EV 99.4 MPH)
Batting: RHB Pete Vinson 0-0: Ball
Kirby Hooley steals 2nd base (no throw)
1-0: Ball
2-0: Called Strike
2-1: Ball
3-1: Ground out 6-3 (Groundball, 6, EV 100.0 MPH)
Batting: RHB Arnie Bartelot 0-0: Called Strike
0-1: Ball
1-1: Fly out, F9 (Flyball, 89D, EV 111.9 MPH)
Bottom of the 6th over - 0 runs, 1 hit, 0 errors, 1 left on base; Canterbury 7 - South Sydney 5
TOP OF THE 7TH
Canterbury Bulldogs batting - Pitching for South Sydney Rabbitohs : LHP Ben Pearn
Batting: RHB Andre Farnsworth 0-0: SINGLE (Groundball, 6M, EV 107.5 MPH) (infield hit)
Batting: RHB David Oldreave 0-0: Sac Bunt to P - play at first, batter OUT! 1-3
Andre Farnsworth to second
Batting: LHB Shane Johnston 0-0: Called Strike
0-1: Called Strike
0-2: Foul Ball, location: 7LDF
0-2: Ball
1-2: Fly out, F8 (Flyball, 8LD, EV 102.5 MPH)
Batting: RHB Tas Reeves 0-0: Called Strike
0-1: Ball
1-1: Called Strike
1-2: Ball
2-2: Ball
3-2: Base on Balls
Batting: RHB Ted Claridge 0-0: Ball
1-0: Swinging Strike
1-1: Fly out, F8 (Flyball, 8LS, EV 85.6 MPH)
Top of the 7th over - 0 runs, 1 hit, 0 errors, 2 left on base; Canterbury 7 - South Sydney 5
BOTTOM OF THE 7TH
South Sydney Rabbitohs batting - Pitching for Canterbury Bulldogs : RHP Vinnie Burge
Batting: SHB Quentin Pursglove 0-0: Ball
1-0: Ball
2-0: Called Strike
2-1: Ground out 4-3 (Groundball, 4S, EV 80.0 MPH)
Batting: RHB Axel Winson 0-0: Foul Ball, location: 9LMF
0-1: Ball
1-1: Called Strike
1-2: Foul Ball, location: 5FF
1-2: Foul Ball, location: 9LDF
1-2: Ball
2-2: Strikes out looking
Batting: RHB Oliver Trick 0-0: Ball
1-0: Ball
2-0: Ball
3-0: Called Strike
3-1: Base on Balls
Pinch Hitting: RHB Neil Vanstone 0-0: Foul Ball, location: 5F
0-1: Ball
1-1: Foul Ball, location: 2F
1-2: Strikes out swinging
Bottom of the 7th over - 0 runs, 0 hits, 0 errors, 1 left on base; Canterbury 7 - South Sydney 5
TOP OF THE 8TH
Canterbury Bulldogs batting - Pitching for South Sydney Rabbitohs : LHP Ben Pearn
Pitching: LHP Tony Minet
Batting: LHB Silas Perrin 0-0: Ground out U3 (Groundball, 34, EV 87.5 MPH)
Batting: RHB Harry Pratly 0-0: Called Strike
0-1: Swinging Strike
0-2: Ball
1-2: Foul Ball, location: 9LDF
1-2: Ball
2-2: Ground out 4-3 (Groundball, 34D, EV 100.0 MPH)
Batting: RHB Daniel Chesire 0-0: Called Strike
0-1: Foul Ball, location: 3SF
0-2: Ball
1-2: Foul Ball, location: 3FF
1-2: Ball
2-2: Ball
3-2: Fly out, F3 (Popup, 3S, EV 72.5 MPH)
Top of the 8th over - 0 runs, 0 hits, 0 errors, 0 left on base; Canterbury 7 - South Sydney 5
BOTTOM OF THE 8TH
South Sydney Rabbitohs batting - Pitching for Canterbury Bulldogs : RHP Vinnie Burge
Now at SS: Mitchel Watson
Now in LF: Shane Johnston
Now in CF: Brad Junee
Batting: LHB Clint Soper 0-0: Ball
1-0: Ball
2-0: Foul Ball, location: 3F
2-1: Foul Ball, location: 2F
2-2: Foul Ball, location: 9LMFF
2-2: Ball
3-2: Fly out, F8 (Line Drive, 8LM, EV 91.9 MPH)
Batting: RHB Ian Hogan 0-0: Ground out 6-3 (Groundball, 6M, EV 104.4 MPH)
Batting: RHB Kirby Hooley 0-0: Foul Ball, location: 2F
0-1: Ball
1-1: Ball
2-1: Swinging Strike
2-2: Foul Ball, location: 9LSF
2-2: Ground out 1-3 (Groundball, 15S, EV 64.4 MPH)
Bottom of the 8th over - 0 runs, 0 hits, 0 errors, 0 left on base; Canterbury 7 - South Sydney 5
TOP OF THE 9TH
Canterbury Bulldogs batting - Pitching for South Sydney Rabbitohs : LHP Tony Minet
Pinch Hitting: RHB Nick Stubbs 0-0: Called Strike
0-1: Ground out 4-3 (Groundball, 4, EV 90.0 MPH)
Batting: RHB Brad Junee 0-0: Ball
1-0: Swinging Strike
1-1: Foul Ball, location: 9LMF
1-2: Strikes out swinging
Batting: RHB David Oldreave 0-0: Called Strike
0-1: Ball
1-1: Ball
2-1: Ball
3-1: Foul Ball, location: 5DF
3-2: Fly out, F8 (Flyball, 8RD, EV 90.0 MPH)
Top of the 9th over - 0 runs, 0 hits, 0 errors, 0 left on base; Canterbury 7 - South Sydney 5
BOTTOM OF THE 9TH
South Sydney Rabbitohs batting - Pitching for Canterbury Bulldogs : RHP Vinnie Burge
Pitching: RHP Erich Morrall
Batting: RHB Pete Vinson 0-0: Ball
1-0: Swinging Strike
1-1: Ball
2-1: Foul Ball, location: 9LDF
2-2: Foul Ball, location: 9LDF
2-2: Strikes out swinging, 2-3 out at first.
Batting: RHB Arnie Bartelot 0-0: Called Strike
0-1: Called Strike
0-2: Ball
1-2: Strikes out swinging
Batting: SHB Quentin Pursglove 0-0: Ground out 5-3 (Groundball, 56S, EV 86.3 MPH)
Bottom of the 9th over - 0 runs, 0 hits, 0 errors, 0 left on base; Canterbury 7 - South Sydney 5
Friday, April 26th , 2024 - OOTP Baseball 24.9 Build 80